Map: Dusty Gorge

Players

Ricochet

  • Race: Protoss Protoss
  • League: Diamond
  • Spawn Location: 9:00

Dengskz

  • Race: Terran Terran
  • League: Diamond
  • Spawn Location: 11:00

MonstroTown - Winner!

  • Race: Terran Terran
  • Spawn Location: 3:00

Michael - Winner!

  • Race: Zerg Zerg
  • League: Gold
  • Spawn Location: 5:00

VOD

Have the link to the VOD?

Description

Time

  • Played on: Oct. 7, 2018, 12:34 a.m.
  • Length: 11:17
Show
View Real Time Build Order
Export as new Build Order

Ricochet Protoss 

Build Orders:  

Get SALT Encoding   

  12  0:01  Probe  
  13  0:22  Probe  
  14  0:28  Pylon  
  14  0:31  Probe  
  14  0:35  Assimilator  
  15  0:42  Probe  
  15  0:48  Gateway  
  16  0:52  Probe  
  17  1:04  Probe  
  18  1:16  Probe  
  18  1:18  Pylon  
  19  1:28  Probe  
  20  1:33  Assimilator  
  20  1:40  Probe  
  20  1:41  Zealot, Cybernetics Core  
  23  1:49  Probe  
  24  2:01  Probe  
  25  2:16  Probe  
  26  2:23  Twilight Council  
  26  2:28  Probe  
  27  2:35  Stalker  
  29  2:40  Probe  
  19  3:23  Stalker  
  10  4:12  Nexus  
Show
View Real Time Build Order
Export as new Build Order

Dengskz Terran 

Build Orders: Reaper Expand 

Get SALT Encoding   

  12  0:00  SCV  
  13  0:15  SCV  
  13  0:18  Supply Depot  
  14  0:28  SCV  
  15  0:40  SCV  
  15  0:42  Barracks  
  16  0:48  Refinery  
  16  0:52  SCV  
  17  1:04  SCV  
  18  1:16  SCV  
  19  1:35  Orbital Command  
  19  1:36  Reaper  
  20  1:48  Command Center  
  20  2:07  SCV  
  20  2:08  Supply Depot  
  21  2:15  Barracks Reactor  
  21  2:19  SCV  
  22  2:34  Factory  
  22  2:38  Barracks  
  22  2:41  SCV  
  22  2:44  Refinery  
  24  2:53  SCV  
  24  2:56  Marine x2  
  25  3:08  SCV  
  27  3:18  Marine x2  
  27  3:19  Cyclone  
  32  3:21  Orbital Command  
  31  3:32  SCV  
  31  3:34  Marine  
  31  3:38  Starport  
  31  3:39  Supply Depot  
  32  3:44  SCV  
  32  3:45  Marine  
  32  3:46  Marine  
  32  3:47  SCV  
  36  3:57  SCV  
  36  4:02  SCV  
  34  4:08  Cyclone, Marine x2  
  34  4:09  Marine  
  37  4:10  SCV  
  38  4:25  Starport Reactor  
  38  4:26  Marine x3  
  38  4:27  SCV  
  42  4:32  SCV  
  43  4:38  Barracks  
  43  4:39  SCV, Barracks  
  43  4:43  Cyclone  
  43  4:44  Marine x2  
  49  4:46  SCV  
  49  4:51  SCV  
  51  5:01  Marine  
  51  5:02  SCV  
  51  5:03  Marine  
  54  5:14  Supply Depot x2  
  54  5:15  Supply Depot x2  
  54  5:17  Marine  
  54  5:18  SCV  
  54  5:19  SCV  
  53  5:22  Medivac  
  53  5:24  Medivac  
  53  5:30  SCV  
  53  5:31  SCV  
  53  5:35  Barracks Tech Lab x2, Cyclone, Marine  
  54  5:36  Barracks Reactor  
  54  5:37  Barracks Reactor  
  58  5:44  SCV, Supply Depot x2  
  58  5:45  Supply Depot, Marine  
  58  5:46  Supply Depot  
  58  5:48  SCV  
  61  5:52  Medivac  
  61  5:53  Marine  
  61  5:56  SCV  
  65  6:00  SCV  
  65  6:02  Marine  
  67  6:11  SCV, Marine x2  
  65  6:14  Marine  
  68  6:19  SCV  
  69  6:27  Marine  
  69  6:29  Marine  
  69  6:30  Marine  
  69  6:32  Marine x2  
  67  6:33  Marine x2  
  65  6:40  SCV  
  65  6:43  Refinery  
  65  6:45  Cyclone, Marine  
  70  6:47  Marine  
  70  6:48  Marine  
  70  6:50  Marine x2  
  70  6:51  Marine  
  74  6:56  Marine  
  75  7:02  Marine  
  75  7:08  Marine  
  76  7:11  SCV  
  76  7:14  SCV  
  76  7:15  Marine x2  
  80  7:20  Marine  
  80  7:21  Marine  
  83  7:23  SCV  
  83  7:26  SCV, Marine  
  83  7:27  Marine  
  83  7:29  Stimpack  
  78  7:30  Refinery  
  78  7:32  Medivac x2  
  78  7:33  Engineering Bay x2, Marine  
  78  7:35  SCV  
  84  7:38  SCV  
  84  7:41  Marine  
  81  7:52  Marine  
  81  7:56  Marine  
  82  8:01  Marine  
  79  8:07  Marine x2  
  79  8:09  Marine x2  
  79  8:10  Medivac, Marine  
  79  8:11  Medivac  
  78  8:14  Marine  
  78  8:19  Marine  
  78  8:21  SCV  
  78  8:24  SCV, Marine  
  78  8:25  Marine  
  78  8:26  Marine  
  78  8:27  Marine  
  81  8:28  Marine  
  81  8:31  Marine  
  83  8:37  Marine  
  84  8:42  Marine  
  84  8:43  Marine  
  84  8:44  Marine x2  
  84  8:46  Marine  
  84  8:48  Command Center  
  89  8:54  Marine x2  
  86  9:03  Marine x2  
  86  9:05  Marauder  
  86  9:07  Cyclone  
  86  9:08  SCV, Medivac x2  
  86  9:09  Marine  
  99  9:10  Terran Infantry Armor Level 1, Terran Infantry Weapons Level 1  
  99  9:11  SCV  
  91  9:19  Marine x2  
  84  9:24  SCV  
  84  9:27  SCV, Marine  
  84  9:28  Marine x3  
  84  9:31  Marine  
  91  9:36  SCV  
  91  9:37  Marine x2  
  91  9:38  Medivac  
  96  9:39  SCV  
  96  9:40  Cyclone  
  96  9:45  Marine  
  100  9:48  SCV  
  99  9:54  Marine  
  99  9:55  Marine  
  99  9:57  Medivac  
  99  9:58  Marine x2  
  99  9:59  Marine  
  106  10:00  Marine  
  106  10:04  Armory  
  107  10:08  Medivac  
  107  10:09  Marine  
  107  10:11  SCV  
  107  10:12  Marine  
  112  10:17  SCV  
  113  10:21  Command Center  
  101  10:29  Marine  
  101  10:31  Marine  
  101  10:35  Marine x5  
  84  10:40  Widow Mine  
  84  10:42  SCV  
  88  10:47  Marine  
  88  10:49  Marine  
  90  10:53  Marine x4  
Show
View Real Time Build Order
Export as new Build Order

MonstroTown Terran - Winner!

Build Orders:  

Get SALT Encoding   

  12  0:01  SCV  
  13  0:13  SCV  
  14  0:18  Supply Depot  
  14  0:25  SCV  
  15  0:40  SCV  
  15  0:41  Barracks  
  16  0:48  Refinery  
  16  0:52  SCV  
  17  1:04  SCV  
  17  1:07  Barracks  
  18  1:16  SCV  
  19  1:29  Orbital Command  
  19  1:34  Reaper  
  20  1:53  Supply Depot  
  20  1:54  Reaper  
  20  1:56  SCV  
  22  2:09  Reaper  
  22  2:15  SCV  
  24  2:22  Command Center  
  24  2:36  SCV  
  25  2:39  Reaper  
  25  2:49  SCV  
  26  2:55  Marine  
  27  3:01  SCV  
  28  3:14  Reaper  
  28  3:15  Reaper  
  30  3:36  SCV  
  30  3:37  Orbital Command  
  31  3:46  Reaper  
  32  3:58  Barracks x2  
  31  4:14  Reaper  
  31  4:19  Refinery  
  31  4:20  SCV  
  32  4:24  Supply Depot  
  32  4:27  Engineering Bay  
  32  4:28  Engineering Bay  
  32  4:30  Factory  
  32  4:50  Reaper  
  32  4:51  Barracks Tech Lab  
  31  5:33  Marine x2  
  31  5:35  Stimpack, Factory Tech Lab  
  29  5:38  Starport  
  29  5:43  Refinery  
  29  5:51  Terran Infantry Weapons Level 1  
  29  5:54  SCV x2  
  29  5:55  Refinery  
  29  6:06  Marine x2  
  29  6:07  Marine x2  
  32  6:22  Medivac  
  32  6:24  Marine x2  
  32  6:25  Marauder  
  35  6:33  Marine  
  35  6:39  Supply Depot  
  36  6:40  Supply Depot  
  36  6:41  Supply Depot  
  36  6:42  Marine x2  
  36  6:45  Siege Tank  
  36  6:46  Marine  
  38  6:51  Marine  
  34  7:00  Viking, Marine x2  
  36  7:04  Marine  
  37  7:09  Marine  
  37  7:14  Terran Infantry Armor Level 1  
  38  7:17  Armory, Marine, SCV x2  
  38  7:18  Marine  
  38  7:22  Marine  
  43  7:27  Marine  
  43  7:29  SCV  
  45  7:36  Marine  
  46  7:49  SCV x2, Marine  
  39  8:00  Marine x3  
  39  8:01  SCV  
  42  8:07  Marine  
  42  8:12  Siege Tank, Medivac  
  45  8:17  Marine  
  45  8:18  Marine x2  
  45  8:24  SCV x2  
  45  8:25  Marine  
  48  8:36  SCV x2  
  47  8:59  Siege Tank  
  47  9:00  Medivac  
  52  9:04  SCV x2  
  54  9:11  Barracks x2  
  54  9:16  SCV x2, Marine  
  57  9:17  Barracks Reactor  
  57  9:18  Barracks Reactor  
  57  9:35  Marine x2  
  57  9:36  Siege Tank  
  62  9:53  Marauder, Barracks, Marine  
  62  9:54  Barracks  
  65  10:02  Medivac  
  65  10:04  Marine x4  
  71  10:09  Supply Depot x2  
  71  10:10  Marine  
  71  10:11  Supply Depot  
  72  10:14  Marine  
  67  10:45  Marine  
  67  10:47  Barracks Reactor  
  67  10:48  Barracks Reactor x2, Marine x4  
  67  10:49  Marine  
  75  11:10  Command Center  
Show
View Real Time Build Order
Export as new Build Order

Michael Zerg - Winner!

Build Orders: Hatch First 

Get SALT Encoding   

  12  0:01  Drone  
  13  0:13  Overlord  
  13  0:18  Drone  
  14  0:31  Drone x2  
  14  0:35  Drone  
  17  0:47  Drone  
  18  0:59  Hatchery  
  18  1:01  Drone  
  18  1:05  Extractor  
  17  1:16  Spawning Pool  
  16  1:20  Drone  
  17  1:26  Drone  
  17  1:31  Drone  
  19  1:39  Drone  
  20  1:49  Overlord  
  20  2:05  Queen  
  22  2:10  Metabolic Boost  
  22  2:11  Queen  
  22  2:13  Zergling x4  
  26  2:17  Zergling x2  
  27  2:27  Drone x2  
  29  2:45  Roach Warren  
  29  2:49  Queen  
  29  2:51  Drone x2  
  31  2:52  Drone  
  31  3:20  Zergling x10  
  31  3:22  Overlord x2  
  31  3:24  Overlord  
  35  3:36  Overlord  
  35  3:40  Queen  
  37  3:42  Overlord  
  37  3:45  Drone  
  37  3:47  Drone  
  39  3:50  Drone  
  38  4:09  Drone x8  
  45  4:19  Lair  
  45  4:22  Extractor  
  44  4:24  Drone  
  44  4:28  Extractor x2  
  43  4:31  Roach  
  43  4:32  Roach  
  43  4:33  Roach  
  47  5:00  Roach  
  47  5:01  Roach x8  
  65  5:10  Hatchery  
  65  5:12  Drone  
  65  5:13  Drone  
  66  5:19  Queen  
  68  5:22  Burrow  
  68  5:32  Overlord x3  
  68  5:38  Overlord  
  68  5:40  Overlord  
  68  5:51  Hatchery  
  67  6:08  Hatchery  
  66  6:14  Zergling x2  
  66  6:15  Zergling x22  
  78  6:23  Zergling x2  
  73  6:33  Queen  
  73  6:38  Zergling x8  
  73  6:39  Zergling x8  
  79  6:44  Queen  
  79  6:46  Drone x4  
  80  7:20  Spore Crawler  
  80  7:22  Spore Crawler  
  76  7:23  Queen, Spine Crawler  
  76  7:24  Spore Crawler  
  76  7:36  Queen  
  74  7:55  Roach x7  
  74  7:56  Roach x9  
  93  8:11  Roach x4  
  93  8:12  Roach  
  93  8:16  Roach  
  89  8:32  Hydralisk Den  
  89  8:33  Spore Crawler  
  87  8:34  Spine Crawler  
  87  8:37  Spore Crawler  
  85  8:53  Glial Reconstitution  
  82  9:00  Drone x3, Spire  
  82  9:02  Drone x2  
  86  9:03  Drone  
  86  9:07  Drone  
  88  9:25  Hydralisk x3  
  88  9:30  Hydralisk  
  96  10:04  Muscular Augments, Infestation Pit  
  96  10:06  Drone x11  
  106  10:22  Hatchery  
  89  10:37  Hydralisk  
  89  10:38  Hydralisk x3  
  97  10:43  Zergling x2  
  97  10:44  Zergling x4  
  97  10:45  Zergling x2  
  97  10:47  Zergling x2  
  102  10:58  Zergling x12  
  102  10:59  Zergling x2  
  102  11:00  Zergling x2  
Tags
 
Add a new tag
Caveats
  • Supply blocks, unpowered buildings, or Contaminate may cause inaccurate times.
  • Supply counts are checked every 10 seconds.